 Dungeon Crawl Stone Soup version 0.31-a0-1008-g5b978dac0e (webtiles) character file.

Game seed: 4915027782808353769

211327 Colgate the Brawler (level 17, -14/162 (191) HPs)
             Began as a Troll Shapeshifter on Nov 12, 2023.
             Was the Champion of Jiyva.
             Demolished by a pharaoh ant (36 damage)
             ... on level 3 of the Spider Nest on Nov 13, 2023.
             The game lasted 03:02:53 (29600 turns).

Colgate the Brawler (Troll Shapeshifter)           Turns: 29600, Time: 03:02:53

HP:   -14/162 (191) AC: 14    Str: 36    XL:     17   Next: 74%
MP:   16/16         EV: 14    Int:  5    God:    Jiyva [******]
Gold: 285           SH:  0    Dex: 11    Spells: 16/16 levels left

rFire   + +          +
                       - Unarmed
rCold   . . .        (shield currently unavailable)
rNeg    . . .        Z - +3 robe "Loifuij" {rF+ Dex+3}
rPois   +            (helmet restricted)
rElec   .            i - +2 cloak
rCorr   +            (gloves unavailable)
SInv    +            (boots unavailable)
Will    +....        e - amulet of regeneration
Stlth   +++          w - ring of poison resistance
HPRegen 4.47/turn    Y - ring of see invisible
MPRegen 0.65/turn

%: no passive effects
@: blade hands, heavily drained
A: large, unfitting armour, (claws 3), regeneration 2, shaggy fur 1, tough skin
1, antennae 2, talons 2, iridescent scales 3, fire resistance 2, strong 1,
eyeballs 2, translucent skin 1, tendrils, jelly sensing items, jelly absorbing
missiles, MP-powered wands
}: 2/15 runes: barnacled, slimy
a: Begin Untransformation, Renounce Religion, Oozemancy, Slimify


You were on level 3 of the Spider Nest.
You worshipped Jiyva.
Jiyva was exalted by your worship.
You had blades for hands.
You visited 7 branches of the dungeon, and saw 36 of its levels.
You also visited: Trove, Sewer and Bailey.

You collected 2831 gold pieces.
You spent 2546 gold pieces at shops.

Inventory:

Armour
 i - a +2 cloak (worn)
 D - a +2 animal skin
 W - a +0 troll leather armour
 Z - the +3 robe "Loifuij" (worn) {rF+ Dex+3}
   (You found it on level 5 of the Lair of Beasts)

   Dex+3:     It affects your dexterity (+3).
   rF+:       It protects you from fire.
Jewellery
 e - an amulet of regeneration (around neck)
 j - the ring of Midsummer {rF+ rN+ Str+3 Int+6}
   (You took it off a merfolk on level 4 of the Shoals)

   [ring of intelligence]

   Str+3:     It affects your strength (+3).
   Int+6:     It affects your intelligence (+6).
   rF+:       It protects you from fire.
   rN+:       It protects you from negative energy.
 n - the amulet of the Four Winds {rN+ Will+++ Clar}
   (You found it on level 5 of the Pits of Slime)

   [amulet of nothing]

   rN+:       It protects you from negative energy.
   Will+++:   It greatly increases your willpower.
   Clar:      It protects you from confusion, rage, mesmerisation and fear.
 w - a ring of poison resistance (left blade hand)
 x - a ring of fire
 F - a ring of protection from fire
 G - an amulet of faith
 H - a ring of flight
 K - a ring of protection from cold
 M - a +6 ring of strength
 S - a ring of protection from fire
 X - a ring of protection from cold
 Y - a ring of see invisible (right blade hand)
Talismans
 T - a blade talisman (active)
Wands
 m - a wand of flame (51)
 C - a wand of digging (24) {@v3}
 E - a wand of charming (25)
 O - a wand of acid (6) {@v1}
 R - a wand of iceblast (13) {@v2}
 U - a wand of mindburst (12)
Scrolls
 h - 2 scrolls of vulnerability
 k - 2 scrolls of butterflies
 o - 2 scrolls of revelation
 y - 2 scrolls of silence
 z - a scroll of blinking {@r4}
 A - 5 scrolls of immolation
 L - 9 scrolls of teleportation {@r3}
 N - a scroll of fog
 P - a scroll of fear
 Q - 3 scrolls of poison
Potions
 b - 3 potions of lignification
 f - 4 potions of attraction
 g - 2 potions of ambrosia
 p - 15 potions of curing {@q1}
 q - 4 potions of berserk rage
 r - 5 potions of might {@q3}
 s - 2 potions of invisibility
 t - 2 potions of mutation
 u - 4 potions of resistance {@q5}
 v - 2 potions of cancellation
 B - a potion of haste {@q4}
 J - 7 potions of enlightenment
 V - 2 potions of heal wounds {@q2}
Miscellaneous
 a - a phantom mirror
 c - a box of beasts
 d - a condenser vane
 l - a phial of floods
 I - a lightning rod (4/4)


   Skills:
 - Level 17.0 Fighting
 + Level 11.7 Dodging
 - Level 2.0 Stealth
 - Level 18.0 Unarmed Combat
 - Level 4.0 Evocations
 - Level 12.0 Shapeshifting


You had 16 spell levels left.
You didn't know any spells.
Your spell library contained the following spells:

 Spells                   Type           Power      Damage    Failure   Level
 Freeze                   Ice            0%         1d3       47%         1
 Necrotise                Necr           0%         1d4       47%         1
 Slow                     Hex            0%         N/A       47%         1
 Sting                    Tmut/Pois      0%         1d3       47%         1
 Poisonous Vapours        Pois/Air       0%         N/A       63%         2
 Static Discharge         Conj/Air       0%         3-3/arc   63%         2
 Sublimation of Blood     Necr           0%         N/A       63%         2
 Wereblood                Tmut           0%         N/A       63%         2
 Call Canine Familiar     Summ           0%         N/A       85%         3
 Confusing Touch          Hex            0%         N/A       85%         3
 Dazzling Flash           Conj/Hex       0%         N/A       85%         3
 Frozen Ramparts          Ice            0%         1d1       85%         3
 Hailstorm                Conj/Ice       0%         3d3       85%         3
 Sigil of Binding         Hex            0%         N/A       85%         3
 Vampiric Draining        Necr           0%         2d6       85%         3
 Volatile Blastmotes      Fire/Tloc      0%         2d10      85%         3
 Airstrike                Air            0%         2d(0-16)  99%         4
 Dimensional Bullseye     Hex/Tloc       0%         N/A       99%         4
 Dispel Undead            Necr           0%         3d6       99%         4
 Leda's Liquefaction      Hex/Erth       0%         N/A       99%         4
 Olgreb's Toxic Radiance  Pois           0%         N/A       99%         4
 Passage of Golubria      Tloc           0%         N/A       99%         4
 Petrify                  Tmut/Erth      0%         N/A       99%         4
 Summon Ice Beast         Ice/Summ       0%         N/A       99%         4
 Summon Lightning Spire   Summ/Air       0%         N/A       99%         4
 Irradiate                Conj/Tmut      0%         3d11      100%        5
 Silence                  Hex/Air        0%         N/A       100%        5
 Simulacrum               Ice/Necr       0%         N/A       100%        6
 Starburst                Conj/Fire      0%         6d3       100%        6
 Summon Hydra             Summ           0%         N/A       100%        7
 Borgnjor's Revivificati  Necr           0%         N/A       100%        8
 Ignition                 Fire           0%         3d3       100%        8
 Lehudib's Crystal Spear  Conj/Erth      0%         10d2      100%        8
 Maxwell's Capacitive Co  Air            0%         ∞         100%        8


Dungeon Overview and Level Annotations

Branches:
Dungeon (15/15)            Temple (1/1) D:4            Lair (5/5) D:11
 Shoals (4/4) Lair:2       Spider (4/4) Lair:2        Slime (5/5) Lair:5
    Orc (2/2) D:11            Elf (0/3) Orc:2        Vaults (0/5) D:14
 Depths (0/4) D:15          Sewer (visited)          Bailey (visited)

Altars:
Ashenzari
Cheibriados
Dithmenos
Elyvilon
Fedhas
Gozag
Hepliaklqana
Kikubaaqudgha
Makhleb
Nemelex Xobeh
Okawaru
Qazlal
Ru
Sif Muna
Trog
Uskayaw
Vehumet
Wu Jian
Xom
Yredelemnul
Zin
The Shining One
Jiyva

Shops:
D:7 !   D:11 (   D:15 ?   Orc:2 [*?**[:   Shoals:1 (   Shoals:2 [

Annotations:
Lair:1 2 transporters, Ratslayer's ghost, journeyman MiBe
Slime:5 Royal Jelly


Innate Abilities, Weirdness & Mutations

You have blades for hands.
You are incapable of wielding weapons or throwing items.
You are too large for most types of armour.
((You have claws for hands.))
You heal very quickly.
You are covered in fur. (AC +1)
You have tough skin. (AC +1)
You have a pair of antennae on your head.
You have razor-sharp toenails.
You are completely covered in iridescent scales. (AC +6)
Your flesh is very heat resistant. (rF++)
Your muscles are strong. (Str +4, Int/Dex -1)
Your body has grown many eyes which may confuse attackers. (Acc +5)
Your translucent skin slightly reduces your foes' accuracy. (Stealth+)
You are covered in slimy tendrils that may disarm your opponents.
You have a small jelly attached to you that senses nearby items.
You have a small jelly attached to you that may absorb projectiles.
You expend magic power (3 MP) to strengthen your wands.


Message History

The pharaoh ant misses you.
The torpor snail bites you but does no damage.
The culicivora bites you.
The culicivora draws strength from your injuries!
The demonic crawler hits you but does no damage.
The demonic crawler closely misses you. The demonic crawler barely misses you.
You slash the torpor snail!
You claw the torpor snail, but do no damage.
The pharaoh ant barely misses you. The culicivora closely misses you.
The eyeballs on your body gaze at the culicivora.
The demonic crawler hits you! The demonic crawler closely misses you.
The demonic crawler hits you.
You shred the torpor snail!!!
You kill the torpor snail!
You feel yourself speed up. The pharaoh ant barely misses you.
The demonic crawler misses you. The demonic crawler hits you!
The demonic crawler misses you. The pharaoh ant bites you!
You feel drained.
You hit the demonic crawler but do no damage.
You claw the demonic crawler.
The demonic crawler hits you but does no damage.
The demonic crawler hits you. The demonic crawler hits you!
You closely miss the demonic crawler.
You claw the demonic crawler, but do no damage.
The pharaoh ant bites you!!
* * * LOW HITPOINT WARNING * * *
You feel drained.
* * * LOW HITPOINT WARNING * * *
The demonic crawler misses you. The demonic crawler hits you!
* * * LOW HITPOINT WARNING * * *
The demonic crawler hits you.
* * * LOW HITPOINT WARNING * * *
You shred the demonic crawler!!! You claw the demonic crawler.
The pharaoh ant bites you.
* * * LOW HITPOINT WARNING * * *
The demonic crawler misses you.
The demonic crawler hits you but does no damage. x2
You hit the demonic crawler but do no damage.
The pharaoh ant bites you!!!
You die...

##..#...##.#..#..^..##...#<.^#..#
#.....####...##..#.##..#.^##..#.#
#######..#.^..#.#..#.#..####.##..
# #..#.#...##{#.##.##.....###...#
####^.#^...^..#^..#....#.## ###.#
..#..#...#.#.##...##.^#### ###
....#..#.....####......# #
##..#^#.##^.###.#B##..##### #
#..........##..s@#^##^....# #
##..#.########..s†#.#.#...# #####
....#...###^.###........#####..##
.#.....^.###...#.#.#.....#.#..##.
...#..####.##..#.....##^#........
.#.#.#..#.......#.....####..###.#
..##...#..^..#.##.#..###.#..#...#
.##....#..##.#........#^.#....###
..####...#..^..#.#.#.##......^#


You could see a demonic crawler, a culicivora (confused) and a pharaoh ant.

Vanquished Creatures
  Arachne (Spider:2)
  Jorgrun (D:14)
  Polyphemus (Shoals:2)
  A kraken (Shoals:3)
  Kirke (D:14)
  Donald (Spider:1)
  An emperor scorpion (Spider:2)
  3 ghost moths
  4 broodmothers
  A spark wasp (Spider:3)
  2 merfolk impalers
  2 merfolk javelineers
  A fire dragon (Lair:5)
  2 entropy weavers (Spider:2)
  7 hydras
  An entropy weaver (shapeshifter) (D:15)
  The ghost of Zatogeumi the Thaumaturge, a journeyman OpFE of Sif Muna (Orc:1)
  Erolcha (Orc:2)
  2 jorogumos
  A rakshasa (D:14)
  2 merfolk avatars
  2 radroaches
  A catoblepas (Lair:2)
  7 centaur warriors
  An ogre mage (D:15)
  2 alligator snapping turtles (Shoals:4)
  3 merfolk aquamancers
  2 satyrs (Shoals:4)
  6 two-headed ogres
  A deep troll earth mage (D:15)
  5 boulder beetles
  9 demonic crawlers
  9 death yaks
  2 tengu warriors
  Nergalle (D:10)
  2 sun moths
  4 skysharks
  9 skeletal warriors
  3 pharaoh ants
  2 orb spiders
  15 sea snakes
  A steelbarb worm (Spider:3)
  Pikel (D:7)
  20 harpies
  A swamp dragon (Lair:5)
  2 necromancers (D:14)
  8 orc sorcerers (Orc:2)
  8 wolf spiders
  An arcanist (D:14)
  8 cyclopes
  13 ugly things
  4 oklob plants (Lair:4)
  7 manticores (Shoals:4)
  10 fauns
  5 merfolk sirens
  A moth of wrath (Spider:2)
  20 elephants
  6 torpor snails
  4 water nymphs
  2 unseen horrors
  9 komodo dragons
  A gargoyle (D:11)
  13 cane toads
  10 rime drakes
  An efreet (D:15)
  4 freezing wraiths (D:13)
  A tengu conjurer (D:15)
  13 polar bears
  14 merfolk
  8 trolls
  3 meliai (Spider:1)
  4 wind drakes
  7 snapping turtles
  13 tarantellas
  15 dream sheep
  4 hornets
  A raiju (Lair:5)
  5 blink frogs (Lair:4)
  11 culicivoras
  Sigmund (D:3)
  24 jumping spiders
  2 shadows
  5 hogs (D:14)
  2 vampires
  10 water elementals
  14 wyverns
  A wraith (D:13)
  31 yaks
  A fire elemental (Lair:5)
  15 vampire mosquitoes
  2 steam dragons (Lair:5)
  43 redbacks
  11 basilisks
  Menkaure (D:7)
  7 wargs
  17 hell hounds
  5 acid dragons
  11 water moccasins
  22 orc warriors
  17 black bears
  An ice beast (D:6)
  2 swamp drakes (Lair:5)
  3 sky beasts
  8 ogres
  29 wolves
  21 centaurs
  A lemure (D:7)
  2 phantoms (D:4)
  2 kobold brigands
  9 bullfrogs
  5 gnoll sergeants
  2 scorpions
  A water moccasin zombie (D:4)
  7 wights
  A water moccasin skeleton (D:4)
  5 killer bees (D:9)
  8 howler monkeys
  An electric eel (Lair:2)
  A crimson imp (Spider:2)
  5 hounds
  18 orc priests
  4 jellies (Sewer)
  A centaur skeleton (D:4)
  3 iguanas (Lair:5)
  2 sleepcaps
  A bullfrog skeleton (D:4)
  A scorpion zombie (D:4)
  31 orc wizards
  5 hell rats (Lair:3)
  A howler monkey zombie (D:4)
  32 gnolls
  10 adders
  A river rat (Sewer)
  3 shadow imps
  2 white imps
  2 ufetubi (D:6)
  An adder zombie (D:4)
  2 adder skeletons (D:4)
  2 dart slugs
  56 orcs
  9 ball pythons
  12 endoplasms
  9 giant cockroaches
  6 goblins
  9 hobgoblins
  3 jackals (D:2)
  6 quokkas
  4 bats
  7 frilled lizards
  29 kobolds
  8 rats
1018 creatures vanquished.

Vanquished Creatures (collateral kills)
  Nessos (D:14)
  A death knight (D:13)
2 creatures vanquished.

Vanquished Creatures (others)
  An orb spider (Spider:3)
  2 harpies (Shoals:3)
  An orc sorcerer (Orc:2)
  A deep elf pyromancer (D:15)
  A cyclops (D:14)
  4 slime creatures
  A jumping spider (Spider:3)
  A yak (D:5)
  A basilisk (D:14)
  A redback (Spider:1)
  An ogre (D:5)
  2 bullfrogs (Lair:1)
  A scorpion (D:7)
  2 electric eels (Lair:1)
  98 jellies
  10 orc wizards
  A hound skeleton (D:4)
  3 adders
  A white imp (D:5)
  15 orcs
  3 endoplasms
  A giant cockroach (D:4)
  4 goblins (D:7)
  2 kobolds
  A ball python (D:3)
  A butterfly (D:5)
  4 tentacles (Shoals:3)
164 creatures vanquished.

Grand Total: 1184 creatures vanquished

Notes
Turn   | Place    | Note
-------+----------+-------------------------------------------
     0 | D:1      | Colgate the Troll Shapeshifter began the quest for the Orb.
     0 | D:1      | Reached XP level 1. HP: 18/18 MP: 0/0
   203 | D:1      | Reached XP level 2. HP: 26/26 MP: 1/1
   659 | D:2      | Reached skill level 4 in Unarmed Combat
   678 | D:2      | Reached XP level 3. HP: 30/32 MP: 2/2
  1030 | D:2      | Reached skill level 5 in Unarmed Combat
  1030 | D:2      | Reached XP level 4. HP: 40/40 MP: 3/3
  1274 | D:2      | Reached skill level 1 in Fighting
  1792 | D:3      | Noticed Sigmund
  1798 | D:3      | Killed Sigmund
  1799 | D:3      | Reached skill level 6 in Unarmed Combat
  1799 | D:3      | Reached XP level 5. HP: 41/48 MP: 4/4
  1799 | D:3      | Reached XP level 6. HP: 47/55 MP: 5/5
  1995 | D:3      | Found a glowing drain.
  2004 | Sewer    | Entered a sewer
  2113 | Sewer    | Reached skill level 7 in Unarmed Combat
  2142 | Sewer    | Found a viscous altar of Jiyva.
  2383 | Sewer    | Became a worshipper of Jiyva Jiem the Shapeless
  2893 | D:4      | Found a staircase to the Ecumenical Temple.
  2907 | D:4      | Reached XP level 7. HP: 60/63 MP: 6/6
  2922 | D:4      | Reached skill level 8 in Unarmed Combat
  3103 | D:4      | Reached * piety under Jiyva
  3160 | D:4      | Reached XP level 8. HP: 78/78 MP: 7/7
  3309 | Temple   | Entered the Ecumenical Temple
  3330 | D:5      | Entered Level 5 of the Dungeon
  3658 | D:5      | Reached ** piety under Jiyva
  3798 | D:5      | Found a snail-covered altar of Cheibriados.
  3899 | D:5      | Reached skill level 5 in Shapeshifting
  3976 | D:5      | Found a white marble altar of Elyvilon.
  4067 | D:5      | Reached XP level 9. HP: 85/85 MP: 8/8
  4409 | D:6      | Reached *** piety under Jiyva
  4418 | D:6      | Reached skill level 5 in Fighting
  5278 | D:7      | Gained mutation: You are covered in slimy tendrils that may
                  | disarm your opponents. [Jiyva's grace]
  5278 | D:7      | Gained mutation: You have sharp toenails. [Jiyva's grace]
  5278 | D:7      | Gained mutation: You have razor-sharp toenails. [Jiyva's
                  | grace]
  5278 | D:7      | Gained mutation: You have claws for feet. [Jiyva's grace]
  5300 | D:7      | Reached **** piety under Jiyva
  5418 | D:7      | Found Nienaen's Distillery.
  5552 | D:7      | Noticed Menkaure
  5557 | D:7      | Killed Menkaure
  5558 | D:7      | Reached skill level 5 in Dodging
  5590 | D:7      | Found a flagged portal.
  5596 | Bailey   | Entered a bailey
  5795 | Bailey   | Reached XP level 10. HP: 75/100 MP: 9/9
  5806 | Bailey   | Reached skill level 9 in Unarmed Combat
  5951 | D:7      | Noticed Pikel
  5961 | D:7      | Killed Pikel
  6350 | D:8      | Reached ***** piety under Jiyva
  6446 | D:8      | Reached skill level 10 in Unarmed Combat
  6489 | D:8      | Found a sparkling altar of Nemelex Xobeh.
  6926 | D:7      | Bought 2 potions of degeneration for 28 gold pieces
  6926 | D:7      | Bought a potion of heal wounds for 70 gold pieces
  6926 | D:7      | Bought a potion of curing for 42 gold pieces
  6926 | D:7      | Bought a potion of attraction for 42 gold pieces
  7028 | D:9      | Lost mutation: You have claws for feet. [Jiyva's grace]
  7028 | D:9      | Lost mutation: You have razor-sharp toenails. [Jiyva's
                  | grace]
  7028 | D:9      | Lost mutation: You are covered in slimy tendrils that may
                  | disarm your opponents. [Jiyva's grace]
  7028 | D:9      | Gained mutation: You have a pair of small antennae on your
                  | head. [Jiyva's grace]
  7028 | D:9      | Gained mutation: You have a pair of antennae on your head.
                  | [Jiyva's grace]
  7028 | D:9      | Gained mutation: You have a pair of large antennae on your
                  | head. (SInv) [Jiyva's grace]
  7028 | D:9      | Lost mutation: You have sharp toenails. [Jiyva's grace]
  7028 | D:9      | Gained mutation: You have large cloven feet. [Jiyva's
                  | grace]
  7895 | D:10     | Entered Level 10 of the Dungeon
  8048 | D:10     | Noticed Nergalle
  8052 | D:10     | Killed Nergalle
  8053 | D:10     | Reached XP level 11. HP: 115/115 MP: 7/10
  8227 | D:10     | Found a blossoming altar of Fedhas.
  8228 | D:10     | Found a glowing silver altar of Zin.
  8228 | D:10     | Found an ancient bone altar of Kikubaaqudgha.
  8231 | D:10     | Noticed a two-headed ogre
  8239 | D:10     | Killed a two-headed ogre
  8257 | D:10     | Found a stormy altar of Qazlal.
  8257 | D:10     | Found a shimmering blue altar of Sif Muna.
  8258 | D:10     | Found a radiant altar of Vehumet.
  8441 | D:10     | Lost mutation: You have a pair of large antennae on your
                  | head. (SInv) [Jiyva's grace]
  8441 | D:10     | Gained mutation: You are somewhat resistant to further
                  | mutation. [Jiyva's grace]
  8441 | D:10     | Gained mutation: You are somewhat resistant to both further
                  | mutation and mutation removal. [Jiyva's grace]
  8441 | D:10     | Gained mutation: You are almost entirely resistant to
                  | further mutation and mutation removal. [Jiyva's grace]
  8441 | D:10     | Gained mutation: Your mind is acute. (Int +4, Str/Dex -1)
                  | [Jiyva's grace]
  8913 | D:11     | Found a staircase to the Lair.
  9054 | D:11     | Found a staircase to the Orcish Mines.
  9062 | D:11     | Reached skill level 11 in Unarmed Combat
  9330 | D:11     | Found Haux Jase's Weapon Emporium.
  9395 | D:11     | Noticed a green ugly thing
  9403 | D:11     | Killed a white ugly thing
  9748 | D:11     | Found a portal to a secret trove of treasure.
  9918 | D:12     | Noticed a green ugly thing
  9933 | D:12     | Killed a green ugly thing
  9934 | D:12     | Reached skill level 12 in Unarmed Combat
  9965 | D:12     | Noticed a boulder beetle
  9978 | D:12     | Killed a boulder beetle
  9979 | D:12     | Reached skill level 1 in Stealth
 10283 | D:12     | Reached skill level 1 in Evocations
 10297 | D:12     | Lost mutation: You are almost entirely resistant to further
                  | mutation and mutation removal. [Jiyva's grace]
 10297 | D:12     | Lost mutation: You are somewhat resistant to both further
                  | mutation and mutation removal. [Jiyva's grace]
 10297 | D:12     | Lost mutation: You are somewhat resistant to further
                  | mutation. [Jiyva's grace]
 10297 | D:12     | Gained mutation: You have hidden genetic potential.
                  | [Jiyva's grace]
 10297 | D:12     | Gained mutation: You have great hidden genetic potential.
                  | [Jiyva's grace]
 10297 | D:12     | Gained mutation: You have a small jelly attached to you
                  | that may absorb projectiles. [Jiyva's grace]
 10297 | D:12     | Gained mutation: You are covered in slimy tendrils that may
                  | disarm your opponents. [Jiyva's grace]
 10318 | D:12     | Reached skill level 10 in Fighting
 10795 | D:14     | Identified the of Juris
 10795 | Lair:1   | Entered Level 1 of the Lair of Beasts
 10802 | Lair:1   | Noticed a five-headed hydra
 10814 | Lair:1   | Killed a five-headed hydra
 10815 | Lair:1   | Reached XP level 12. HP: 43/128 MP: 11/11
 10932 | Lair:1   | Found a transporter.
 10966 | Lair:1   | Found a bloodstained altar of Trog.
 10966 | Lair:1   | Noticed Ratslayer's ghost (journeyman MiBe)
 10968 | Lair:1   | Found a transporter.
 11002 | Lair:1   | Reached skill level 13 in Unarmed Combat
 11619 | Lair:1   | Gained mutation: You are partially covered in iridescent
                  | scales. (AC +2) [hidden potential]
 11994 | Lair:2   | Gained mutation: Your flesh is heat resistant. (rF+)
                  | [Jiyva's grace]
 11994 | Lair:2   | Gained mutation: Your flesh is very heat resistant. (rF++)
                  | [Jiyva's grace]
 11994 | Lair:2   | Gained mutation: Your flesh is almost immune to the effects
                  | of heat. (rF+++) [Jiyva's grace]
 11994 | Lair:2   | Gained mutation: You have acidic saliva. [Jiyva's grace]
 12065 | Lair:2   | Noticed a death yak
 12067 | Lair:2   | Noticed a death yak
 12067 | Lair:2   | Noticed a death yak
 12092 | Lair:2   | Noticed a death yak
 12093 | Lair:2   | Killed a death yak
 12094 | Lair:2   | Noticed a death yak
 12099 | Lair:2   | Killed a death yak
 12105 | Lair:2   | Killed a death yak
 12108 | Lair:2   | Killed a death yak
 12109 | Lair:2   | Killed a death yak
 12212 | Lair:2   | Found a hole to the Spider Nest.
 12351 | Lair:2   | Reached XP level 13. HP: 137/137 MP: 12/12
 12991 | Lair:2   | Found a staircase to the Shoals.
 13628 | Lair:2   | Found a staircase to the Shoals.
 13644 | Lair:2   | Found a hole to the Spider Nest.
 13957 | Lair:3   | Identified the of Suahafar
 14055 | Lair:3   | Reached skill level 10 in Shapeshifting
 14430 | Lair:3   | Reached skill level 14 in Unarmed Combat
 14720 | Lair:4   | Lost mutation: You have a pair of antennae on your head.
                  | [Jiyva's grace]
 14720 | Lair:4   | Lost mutation: You have large cloven feet. [Jiyva's grace]
 14720 | Lair:4   | Lost mutation: Your mind is acute. (Int +4, Str/Dex -1)
                  | [Jiyva's grace]
 14720 | Lair:4   | Lost mutation: Your flesh is almost immune to the effects
                  | of heat. (rF+++) [Jiyva's grace]
 14720 | Lair:4   | Lost mutation: Your flesh is very heat resistant. (rF++)
                  | [Jiyva's grace]
 14720 | Lair:4   | Gained mutation: You heal very quickly. [Jiyva's grace]
 14720 | Lair:4   | Gained mutation: You regenerate. [Jiyva's grace]
 14720 | Lair:4   | Gained mutation: You passively dampen the noise of your
                  | surroundings. [Jiyva's grace]
 14720 | Lair:4   | Gained mutation: Your flesh is cold resistant. (rC+)
                  | [Jiyva's grace]
 14978 | Lair:4   | Reached XP level 14. HP: 131/146 MP: 13/13
 15653 | Lair:5   | Entered Level 5 of the Lair of Beasts
 15919 | Lair:5   | Gained mutation: You possess an exceptional clarity of
                  | mind. [hidden potential]
 15919 | Lair:5   | Lost mutation: You have great hidden genetic potential.
                  | [hidden potential expressed]
 16235 | Lair:5   | Found a staircase to the Slime Pits.
 16243 | Lair:5   | Lost mutation: You are partially covered in iridescent
                  | scales. (AC +2) [Jiyva's grace]
 16243 | Lair:5   | Lost mutation: You regenerate. [Jiyva's grace]
 16243 | Lair:5   | Gained mutation: You have a small jelly attached to you
                  | that senses nearby items. [Jiyva's grace]
 16243 | Lair:5   | Gained mutation: You expend magic power (3 MP) to
                  | strengthen your wands. [Jiyva's grace]
 16243 | Lair:5   | Gained mutation: Your muscles are strong. (Str +4, Int/Dex
                  | -1) [Jiyva's grace]
 16243 | Lair:5   | Gained mutation: Your muscles are very strong. (Str +8,
                  | Int/Dex -2) [Jiyva's grace]
 16247 | Crypt:3  | Identified the "Nuubryko"
 16247 | Depths:2 | Identified the of Bokhis
 16247 | Depths:2 | Identified the "Umacw"
 16247 | Depths:2 | Identified the "Achuttetoe"
 16247 | Depths:2 | Identified the "Qecinil"
 16247 | Depths:2 | Identified the of Vuwouc
 16247 | Depths:2 | Identified the "Acyr"
 16247 | Elf:2    | Identified the of Seoqiav
 16247 | Zot:1    | Identified the "Zeanig"
 16247 | Slime:1  | Entered Level 1 of the Pits of Slime
 16256 | Slime:2  | Noticed an azure jelly
 16258 | Slime:2  | Noticed an acid blob
 16268 | Slime:4  | Noticed an acid blob
 16268 | Slime:4  | Noticed an azure jelly
 16269 | Slime:4  | Noticed an azure jelly
 16275 | Slime:5  | Entered Level 5 of the Pits of Slime
 16275 | Slime:5  | Found the amulet of the Four Winds {rN+ Will+++ Clar}
 16285 | Slime:5  | Noticed a quicksilver ooze
 16291 | Slime:5  | Noticed the Royal Jelly
 16296 | Slime:5  | Noticed an acid blob
 16298 | Slime:5  | Noticed an acid blob
 16299 | Slime:5  | Noticed a quicksilver ooze
 16300 | Slime:5  | Noticed an acid blob
 16301 | Slime:5  | Noticed an azure jelly
 16305 | Slime:5  | Noticed an azure jelly
 16335 | Slime:5  | Noticed an azure jelly
 16352 | Slime:5  | Noticed a formless jellyfish
 16355 | Slime:5  | Noticed an acid blob
 16407 | Slime:5  | Found a viscous altar of Jiyva.
 16634 | Slime:4  | Noticed a rockslime
 16701 | Slime:1  | Noticed a rockslime
 16899 | Lair:5   | Reached skill level 15 in Unarmed Combat
 17360 | Lair:5   | Identified the +3 robe "Loifuij" {rF+ Dex+3}
 17646 | Orc:1    | Entered Level 1 of the Orcish Mines
 17671 | Orc:1    | Found a runed translucent door.
 18086 | Orc:1    | Noticed Zatogeumi's ghost (journeyman OpFE)
 18095 | Orc:1    | Killed Zatogeumi's ghost
 18216 | Orc:2    | Entered Level 2 of the Orcish Mines
 18266 | Orc:2    | Found Quuggu's General Store.
 18275 | Orc:2    | Found Jepumy's Gadget Gallery.
 18285 | Orc:2    | Found Cemnocwe's Specific Store.
 18372 | Orc:2    | Found a burning altar of Makhleb.
 18520 | Orc:2    | Found a staircase to the Elven Halls.
 18646 | Orc:2    | Found Boocoyg's Book Boutique.
 18669 | Orc:2    | Noticed Erolcha
 18673 | Orc:2    | Found a radiant altar of Vehumet.
 18676 | Orc:2    | Killed Erolcha
 18688 | Orc:2    | Found Xoghot's Antique Armour Boutique.
 18719 | Orc:2    | Found an ancient bone altar of Kikubaaqudgha.
 18720 | Orc:2    | Lost mutation: Your flesh is cold resistant. (rC+) [Jiyva's
                  | grace]
 18720 | Orc:2    | Lost mutation: You have a small jelly attached to you that
                  | senses nearby items. [Jiyva's grace]
 18720 | Orc:2    | Lost mutation: You passively dampen the noise of your
                  | surroundings. [Jiyva's grace]
 18720 | Orc:2    | Gained mutation: Your translucent skin slightly reduces
                  | your foes' accuracy. (Stealth+) [Jiyva's grace]
 18720 | Orc:2    | Gained mutation: Your translucent skin reduces your foes'
                  | accuracy. (Stealth+) [Jiyva's grace]
 18720 | Orc:2    | Gained mutation: Your transparent skin significantly
                  | reduces your foes' accuracy. (Stealth+) [Jiyva's grace]
 18720 | Orc:2    | Gained mutation: You are partially covered in iridescent
                  | scales. (AC +2) [Jiyva's grace]
 18741 | Orc:2    | Found Tunuluy's Magic Scroll Boutique.
 18743 | Orc:2    | Paralysed by an orc sorcerer for 4 turns
 18757 | Orc:2    | Found Coffitui's Antique Armour Shop.
 19151 | Orc:2    | Bought a phantom mirror for 440 gold pieces
 19151 | Orc:2    | Bought a box of beasts for 440 gold pieces
 19161 | Orc:2    | Bought a condenser vane for 480 gold pieces
 19230 | Orc:2    | Bought a scroll of blinking for 97 gold pieces
 19303 | Orc:2    | Bought 2 potions of ambrosia for 192 gold pieces
 19303 | Orc:2    | Bought a potion of magic for 96 gold pieces
 19372 | Orc:2    | Bought a scroll of vulnerability for 52 gold pieces
 19374 | Orc:2    | Bought a scroll of amnesia for 52 gold pieces
 19374 | Orc:2    | Bought a scroll of identify for 26 gold pieces
 19612 | D:13     | Reached XP level 15. HP: 163/163 MP: 14/14
 19683 | D:13     | Reached ****** piety under Jiyva
 19983 | D:13     | Identified the +1 short sword "Moludo Joci" {heavy, rPois}
 20650 | Slime:3  | Noticed an acid blob
 20687 | Slime:5  | Identified the staff "Meruskar" {Drain rC+ rN+ rCorr Ice}
 20704 | Slime:5  | Identified the staff of Rucka {rF- rC+ Int+3 SInv Ice}
 20721 | Slime:5  | Got a slimy rune of Zot
 20981 | D:11     | You showed the slimy rune of Zot to enter a treasure trove
 20982 | Trove    | Entered a treasure trove
 21026 | Trove    | Found the +7 lajatang of Order {silver, rMut}
 21056 | Trove    | Identified the +1 broad axe "Notuen" {flame, Str-5 Int+5
                  | SInv}
 21058 | Trove    | Identified the +1 halberd of Premature Burial {venom,
                  | Str+2}
 21061 | Trove    | Identified the +2 demon trident of Abuse {venom, rPois
                  | rCorr Int+2 Dex-3}
 21077 | Trove    | Identified the +6 battleaxe of Certain Death {elec, rN++
                  | Str+2}
 21080 | Trove    | Identified the +9 executioner's axe of Eternity {heavy,
                  | Int+6 Dex-2}
 21206 | D:14     | Noticed Nessos
 21214 | D:14     | Killed Nessos
 21226 | D:14     | Gained mutation: You are agile. (Dex +4, Str/Int -1)
                  | [hidden potential]
 21368 | D:14     | Noticed Kirke
 21395 | D:14     | Killed Kirke
 21460 | D:14     | Noticed Jorgrun
 21848 | D:14     | Found a gate to the Vaults.
 21857 | D:14     | Reached skill level 15 in Fighting
 22014 | D:14     | Lost mutation: You are partially covered in iridescent
                  | scales. (AC +2) [Jiyva's grace]
 22014 | D:14     | Lost mutation: Your flesh is heat resistant. (rF+) [Jiyva's
                  | grace]
 22014 | D:14     | Gained mutation: Your body has grown eyes which may confuse
                  | attackers. (Acc +3) [Jiyva's grace]
 22014 | D:14     | Gained mutation: Your body has grown many eyes which may
                  | confuse attackers. (Acc +5) [Jiyva's grace]
 22014 | D:14     | Gained mutation: Your body is covered in eyes which may
                  | confuse attackers. (Acc +7, SInv) [Jiyva's grace]
 22014 | D:14     | Gained mutation: You have sharp toenails. [Jiyva's grace]
 22195 | D:14     | Killed Jorgrun
 22242 | D:15     | Entered Level 15 of the Dungeon
 22317 | D:15     | Found a stormy altar of Qazlal.
 22539 | D:15     | Found Nianitot's Magic Scroll Shop.
 22741 | D:15     | Reached skill level 16 in Unarmed Combat
 23015 | D:15     | Found a staircase to the Depths.
 23128 | D:15     | Bought a scroll of silence for 161 gold pieces
 23132 | D:15     | Bought a scroll of fog for 68 gold pieces
 23132 | D:15     | Bought a scroll of poison for 68 gold pieces
 23340 | Orc:2    | Bought a scroll of teleportation for 39 gold pieces
 23548 | D:15     | Bought a scroll of teleportation for 51 gold pieces
 23548 | D:15     | Bought a scroll of identify for 34 gold pieces
 23549 | D:15     | Bought a scroll of identify for 34 gold pieces
 23749 | Shoals:1 | Entered Level 1 of the Shoals
 23947 | Shoals:1 | Found Jepeissa's Weapon Emporium.
 24025 | Shoals:1 | Reached skill level 17 in Unarmed Combat
 24196 | Shoals:1 | Found Rido's One-of-a-Kind Rings.
 24344 | Shoals:2 | Found Waofraofa's Armour Shoppe.
 24390 | Shoals:2 | Reached XP level 16. HP: 168/176 MP: 15/15
 24397 | Shoals:2 | Identified the amulet "Usset" {Spirit Rampage}
 24486 | Shoals:2 | Lost mutation: You are agile. (Dex +4, Str/Int -1) [Jiyva's
                  | grace]
 24486 | Shoals:2 | Lost mutation: You possess an exceptional clarity of mind.
                  | [Jiyva's grace]
 24486 | Shoals:2 | Lost mutation: Your muscles are very strong. (Str +8,
                  | Int/Dex -2) [Jiyva's grace]
 24486 | Shoals:2 | Lost mutation: You have acidic saliva. [Jiyva's grace]
 24486 | Shoals:2 | Lost mutation: Your body is covered in eyes which may
                  | confuse attackers. (Acc +7, SInv) [Jiyva's grace]
 24486 | Shoals:2 | Lost mutation: Your transparent skin significantly reduces
                  | your foes' accuracy. (Stealth+) [Jiyva's grace]
 24486 | Shoals:2 | Gained mutation: You have razor-sharp toenails. [Jiyva's
                  | grace]
 24486 | Shoals:2 | Gained mutation: You have claws for feet. [Jiyva's grace]
 24486 | Shoals:2 | Gained mutation: You have a small jelly attached to you
                  | that senses nearby items. [Jiyva's grace]
 24486 | Shoals:2 | Gained mutation: You are partially covered in iridescent
                  | scales. (AC +2) [Jiyva's grace]
 24507 | Shoals:2 | Noticed Polyphemus
 24520 | Shoals:2 | Killed Polyphemus
 24985 | Shoals:3 | Gained mutation: You have a pair of antennae on your head.
                  | [hidden potential]
 24985 | Shoals:3 | Lost mutation: You have hidden genetic potential. [hidden
                  | potential expressed]
 25042 | Shoals:3 | Identified the +8 arbalest of Past Mistakes {penet,
                  | *Corrode rElec Str+3 Dex+5}
 25256 | Shoals:3 | Noticed a kraken
 25269 | Shoals:3 | Killed a kraken
 25583 | Shoals:4 | Entered Level 4 of the Shoals
 26088 | Shoals:4 | Identified the staff of Conversion {rPois rN+ Poison}
 26119 | Shoals:4 | Identified the ring of Midsummer {rF+ rN+ Str+3 Int+6}
 26433 | Shoals:4 | Got a barnacled rune of Zot
 26842 | D:15     | Bought a scroll of identify for 34 gold pieces
 27031 | Spider:1 | Entered Level 1 of the Spider Nest
 27112 | Spider:1 | Lost mutation: You have claws for feet. [Jiyva's grace]
 27112 | Spider:1 | Lost mutation: Your translucent skin reduces your foes'
                  | accuracy. (Stealth+) [Jiyva's grace]
 27112 | Spider:1 | Gained mutation: You are mostly covered in iridescent
                  | scales. (AC +4) [Jiyva's grace]
 27112 | Spider:1 | Gained mutation: You are completely covered in iridescent
                  | scales. (AC +6) [Jiyva's grace]
 27112 | Spider:1 | Gained mutation: Your flesh is heat resistant. (rF+)
                  | [Jiyva's grace]
 27112 | Spider:1 | Gained mutation: Your flesh is very heat resistant. (rF++)
                  | [Jiyva's grace]
 27115 | Spider:1 | Reached XP level 17. HP: 189/189 MP: 16/16
 27150 | Spider:1 | Paralysed by a jorogumo for 2 turns
 27452 | Spider:1 | Reached skill level 18 in Unarmed Combat
 27482 | Spider:1 | Identified the +5 kite shield of Free Will {Str+3}
 27482 | Spider:1 | Noticed Donald
 27500 | Spider:1 | Killed Donald
 28035 | Spider:2 | Noticed Arachne
 28051 | Spider:2 | Killed Arachne
 28173 | Spider:2 | Reached skill level 10 in Dodging
 29494 | Spider:4 | Entered Level 4 of the Spider Nest
 29600 | Spider:3 | Demolished by a pharaoh ant

Illustrated notes

Levels and vault maps discovered:
D:1:      lordsloth_arrival_two_stooges, layout_loops_ring, st_stairs_6
D:2:      layout_basic
D:3:      layout_basic, portal_sewer_entry_f, uniq_sigmund
D:4:      layout_rooms, minmay_temple_entry_waves, serial_undead,
          serial_undead_e, serial_undead_a, serial_undead_f, serial_undead_e
D:5:      layout_gridville, cheibriados_altar_1, nicolae_elyvilon_peaceful_grove
D:6:      layout_loops_ring, serial_aquarium, aquarium_bridge_straight
          [aquarium_subvault_bridge, aquarium_subvault_wall,
          aquarium_subvault_bridge, aquarium_subvault_wall],
          aquarium_window_fake, aquarium_window_1, aquarium_window_corner,
          aquarium_view_2d, aquarium_view_2c, aquarium_balcony_double_2
D:7:      layout_gridville, enter_bailey_3, st_stairs_7, skrybe_limestone_x,
          nrook_loot_triangle, nicolae_stop_n_shop_1, uniq_menkaure, uniq_pikel
D:8:      layout_loops_ring, mainiacjoe_overflow_chevrons
D:9:      hellmonk_crumbling_castle, layout_long_grid
D:10:     layout_long_grid, grunt_temple_overflow_open, uniq_nergalle
D:11:     layout_roguey, erik_lair_orcish_takeover, orc_0_dummy,
          nicolae_trove_entry_crystal, serial_shops,
          nicolae_shop_just_a_little_nook
D:12:     layout_irregular_city
D:13:     layout_long_grid
D:14:     layout_stronghold, david_vaults_1, nicolae_figureground_pulse,
          uniq_jorgrun, uniq_kirke, uniq_nessos
D:15:     hellmonk_depths_entry_around_the_bend, layout_loops_ring,
          grunt_qazlal_clouds, serial_shops, nicolae_shop_rolled_up
Temple:   cyrus_circular_temple
Lair:1:   layout_cave_pods, gammafunk_ghost_wrathful_warriors,
          pdpol_lair_cavern_descent, grunt_megastairs_4
Lair:2:   layout_regular_city, minmay_shoals_entry_hut,
          nicolae_spider_entry_tight_spaces, serial_bayou_shore_a,
          serial_bayou_shore_b, lemuel_fruit_tree, infiniplex_staircase_pool_2
Lair:3:   layout_roguey [special_room_mythical_zoo]
Lair:4:   minmay_lair_oklob_tunnel, layout_long_grid
Lair:5:   guppyfry_lair_end_dragon, layout_gridlike,
          hangedman_lair_caniforms_friends, minmay_slime_entry_jelly_boxes
Shoals:1: layout_shoals, serial_shops, shop, nicolae_shop_unique_rings
Shoals:2: layout_shoals, nicolae_shoals_c_island, uniq_polyphemus
Shoals:3: layout_shoals
Shoals:4: shoals_end_grunt_garden, layout_shoals
Spider:1: nicolae_spider_hilbert_zone_4 [nicolae_spider_hilbert_4_sides_2_open,
          nicolae_spider_hilbert_4_sides_1_open,
          nicolae_spider_hilbert_4_sides_1_open,
          nicolae_spider_hilbert_4_sides_1_open,
          nicolae_spider_hilbert_4_sides_1_open,
          nicolae_spider_hilbert_2_sides_1_open,
          nicolae_spider_hilbert_2_sides_1_open,
          nicolae_spider_hilbert_2_sides_1_open,
          nicolae_spider_hilbert_2_sides_1_open,
          nicolae_spider_hilbert_6_sides_1_open,
          nicolae_spider_hilbert_6_sides_1_open,
          nicolae_spider_hilbert_3_sides_1_open,
          nicolae_spider_hilbert_3_sides_1_open], uniq_donald
Spider:2: layout_spider_delve, nicolae_crawler_farm, uniq_arachne
Spider:3: layout_spider_delve
Spider:4: johnstein_spider_rune_arachne_lair
Slime:1:  layout_caves
Slime:2:  layout_caves
Slime:3:  layout_caves
Slime:4:  layout_caves
Slime:5:  slime_pit_nicolae_jellycorners
Orc:1:    layout_caves, ebering_ghost_reflecting_pool
Orc:2:    kennysheep_orc_mage_school, layout_caves, basic_altar,
          nicolae_specific_store, nicolae_shop_gadgets

Skill      XL: |  1  2  3  4  5  6  7  8  9 10 11 12 13 14 15 16 17 |
---------------+----------------------------------------------------+-----
Unarmed Combat | 4 5 6 7 8 10 12 13 14 15 17 18 | 18.0
Fighting       | 1 4 6 9 10 11 14 15 16 17 | 17.0
Shapeshifting  | 7 11 12 | 12.0
Dodging        | 2 5 9 11 | 11.7
Stealth        | 1 2 |  2.0
Evocations     | 1 2 4 |  4.0

Action                     |  1- 3 |  4- 6 |  7- 9 | 10-12 | 13-15 | 16-18 || total
---------------------------+-------+-------+-------+-------+-------+-------++-------
  Melee: Unarmed           |    78 |   124 |   304 |   459 |   895 |   545 ||  2405
         Punch             |       |     3 |     4 |       |    50 |    56 ||   113
         Kick              |       |       |    20 |   157 |   132 |   173 ||   482
         Bite              |       |       |       |    11 |    95 |       ||   106
         Executioner's axe |       |       |       |       |    19 |       ||    19
 Invoke: Oozemancy         |       |       |       |    15 |     6 |       ||    21
         Slimify           |       |       |       |     1 |       |       ||     1
Ability: Begin Untransform |       |       |       |       |     2 |       ||     2
  Evoke: Lightning rod     |       |       |       |     2 |     1 |       ||     3
         Wand              |       |       |       |     1 |       |       ||     1
         Phantom mirror    |       |       |       |       |     1 |       ||     1
    Use: Scroll            |       |     5 |     2 |     3 |    11 |     1 ||    22
         Potion            |       |       |     1 |     4 |     1 |     1 ||     7
   Stab: Petrified         |       |       |       |       |     4 |       ||     4
         Confused          |       |       |       |       |     5 |    12 ||    17
         Sleeping          |       |       |       |       |     3 |     6 ||     9
         Distracted        |       |       |       |       |       |     1 ||     1
 Armour: Animal skin       |    52 |    75 |   233 |   123 |       |       ||   483
         Robe              |       |       |       |   252 |   745 |   625 ||  1622
  Dodge: Dodged            |    22 |    49 |   158 |   213 |   521 |   422 ||  1385
   Form: Flux              |       |       |     1 |       |     3 |       ||     4
         Beast             |       |       |       |       |     6 |       ||     6
         Blade             |       |       |       |       |     5 |       ||     5

Table legend: (Time is in decaauts)
 A = Elapsed time spent in this place.
 B = Non-inter-level travel time spent in this place.
 C = Inter-level travel time spent in this place.
 D = Time resting spent in this place.
 E = Time spent auto-exploring this place.
 F = Levels seen in this place.
 G = Mean time per level.
                   A        B        C        D        E       F      G
               +--------+--------+--------+--------+--------+-----+--------+
         Total |  29056 |  25340 |   3716 |    648 |  17980 |  39 |  745.0 |
       Dungeon |  14085 |  11986 |   2099 |    301 |   9044 |  15 |  939.0 |
        Temple |      1 |      1 |      0 |      0 |      0 |   1 |    1.0 |
          Lair |   6591 |   5897 |    694 |    109 |   4139 |   5 | 1318.2 |
        Shoals |   2834 |   2667 |    167 |     80 |   1796 |   4 |  708.5 |
   Spider Nest |   2454 |   2384 |     70 |     51 |   1693 |   4 |  613.5 |
    Slime Pits |    595 |    412 |    183 |      0 |    318 |   5 |  119.0 |
  Orcish Mines |   1705 |   1204 |    501 |      3 |    830 |   2 |  852.5 |
         Trove |    116 |    116 |      0 |      0 |     42 |   1 |  116.0 |
         Sewer |    387 |    387 |      0 |    102 |     94 |   1 |  387.0 |
        Bailey |    284 |    284 |      0 |      0 |     23 |   1 |  284.0 |
               +--------+--------+--------+--------+--------+-----+--------+

Top non-repeatable levels by time:
  Lair:2: 2123 daAuts
    D:11: 1762 daAuts
  Lair:1: 1372 daAuts
  Lair:5: 1345 daAuts
   Orc:2: 1291 daAuts
    D:12: 1138 daAuts
    D:15: 1096 daAuts
Spider:3: 1067 daAuts
    D:14: 1065 daAuts
     D:6: 1046 daAuts
  Lair:4: 991 daAuts
     D:2: 989 daAuts
     D:9: 970 daAuts
    D:13: 941 daAuts
     D:5: 896 daAuts
